 Dungeon Crawl Stone Soup version 0.29-a0-542-g075992c915 (webtiles) character file.

Game seed: 14268469434096332632

298935 dolemite99 the Spear-Bearer (level 20, -1/168 HPs)
             Began as a Demonspawn Cinder Acolyte on June 4, 2022.
             Was a High Priest of Kikubaaqudgha.
             Slain by a deep troll (12 damage)
             ... on level 1 of the Depths.
             The game lasted 02:11:47 (79472 turns).

dolemite99 the Spear-Bearer (DsCA)                 Turns: 79472, Time: 02:11:47

Health: -1/168     AC: 18    Str: 19    XL:     20   Next: 47%
Magic:  27/35      EV: 19    Int: 20    God:    Kikubaaqudgha [*****.]
Gold:   585        SH: 11    Dex: 19    Spells: 4/27 levels left

rFire   + + +      SeeInvis +   a - +4 trident (spect)
rCold   . . .      Faith    .   d - +0 buckler
rNeg    . . .      Spirit   .   b - +1 ring mail of the Orcish Mines {+Blink rF+ Int+2}
rPois   +          Reflect  +   I - +1 hat of the Beloved God {rF+ MP+9}
rElec   .          Harm     .   (cloak unavailable)
rCorr   +          Rampage  .   B - +2 pair of gloves
Will    ++...                   r - +0 pair of boots "Civyxihuf" {Contam rPois rCorr Dex+5}
Stlth   +.........              C - amulet of reflection
HPRegen 0.38/turn               u - +4 ring of protection
MPRegen 0.24/turn               g - ring of Jamucwe {rF+ Will+ Dex+3 SInv, =R}

@: radiating poison
A: rugged brown scales 2, ignite blood 2, powered by death 3, weakness stinger 3
}: 1/15 runes: decaying
a: Renounce Religion, Evoke Blink, Unearth Wretches, Torment


You were on level 1 of the Depths.
You worshipped Kikubaaqudgha.
Kikubaaqudgha was extremely pleased with you.
You visited 9 branches of the dungeon, and saw 38 of its levels.
You also visited: Ossuary.

You collected 4201 gold pieces.
You spent 3616 gold pieces at shops.

Inventory:

Hand Weapons
 a - a +4 spectral trident (weapon)
 m - the +12 war axe of the Goat {freeze, rCorr Str+6}
   (You found it on level 5 of the Lair of Beasts)

   It freezes those it strikes, dealing additional cold damage.
   It can also slow down cold-blooded creatures.
   Str:       It affects your strength (+6).
   rCorr:     It protects you from acid and corrosion.
 w - the +3 morningstar of Corruption {pain, rElec rPois Str+3}
   (You found it on level 1 of the Snake Pit)

   In the hands of one skilled in necromantic magic, it inflicts extra damage on
   living creatures.
   Str:       It affects your strength (+3).
   rElec:     It insulates you from electricity.
   rPois:     It protects you from poison.
Missiles
 z - 37 poisoned darts
 P - 4 curare-tipped darts
 Q - a boomerang (quivered)
 Y - 15 silver javelins
Armour
 b - the +1 ring mail of the Orcish Mines (worn) {+Blink rF+ Int+2}
   (You bought it in a shop on level 1 of the Snake Pit)

   Int:       It affects your intelligence (+2).
   rF:        It protects you from fire.
   +Blink:    It lets you blink.
 d - a +0 buckler (worn)
 r - the +0 pair of boots "Civyxihuf" (worn) {Contam rPois rCorr Dex+5}
   (You bought it in a shop on level 2 of the Orcish Mines)

   Dex:       It affects your dexterity (+5).
   rPois:     It protects you from poison.
   Contam:    It causes magical contamination when unequipped.
   rCorr:     It protects you from acid and corrosion.
 B - a +2 pair of gloves (worn)
 I - the +1 hat of the Beloved God (worn) {rF+ MP+9}
   (You found it on level 2 of the Vaults)

   rF:        It protects you from fire.
   MP:        It affects your magic capacity (+9).
Magical Staves
 s - a staff of cold
Jewellery
 c - a ring of willpower
 g - the ring of Jamucwe (right hand) {rF+ Will+ Dex+3 SInv, =R}
   (You bought it in a shop on level 2 of the Orcish Mines)

   [ring of willpower]

   Dex:       It affects your dexterity (+3).
   rF:        It protects you from fire.
   SInv:      It lets you see invisible.
   Will:      It increases your willpower.
 k - a ring of poison resistance
 o - a ring of resist corrosion
 u - a +4 ring of protection (left hand)
 v - a ring of positive energy
 C - an amulet of reflection (around neck)
 E - a +4 ring of protection
Wands
 x - a wand of flame (23)
 D - a wand of paralysis (5)
 R - a wand of digging (9)
 T - a wand of iceblast (13)
 Z - a wand of polymorph (5)
Scrolls
 e - 2 scrolls of fog
 h - a scroll of silence
 j - 4 scrolls of poison
 p - 2 scrolls of amnesia
 y - 5 scrolls of teleportation
 F - 6 scrolls of vulnerability
 J - a scroll of fear
 U - 13 scrolls of identify {@r1}
 X - 2 scrolls of torment
Potions
 f - 7 potions of magic
 i - 2 potions of haste
 n - 2 potions of cancellation
 G - 2 potions of berserk rage
 H - 3 potions of flight
 K - 5 potions of attraction
 L - a potion of heal wounds
 M - 9 potions of mutation
 N - 3 potions of curing
 O - 7 potions of ambrosia
 V - 3 potions of invisibility
 W - 6 potions of brilliance
Miscellaneous
 t - a box of beasts (inert)
 A - a tin of tremorstones (inert)
 S - a lightning rod (1/4)


   Skills:
 - Level 14.6 Fighting
 - Level 14.6 Polearms
 - Level 5.0(7.5) Slings
 + Level 8.8(9.4) Throwing
 - Level 6.2 Armour
 - Level 13.0 Dodging
 - Level 4.0 Shields
 - Level 4.3 Spellcasting
 - Level 7.0 Conjurations
 - Level 6.5 Hexes
 - Level 12.3 Necromancy
 - Level 7.4 Translocations
 - Level 5.8 Fire Magic
 - Level 5.5 Air Magic
 - Level 11.7 Earth Magic
 - Level 12.0 Poison Magic
 - Level 6.4 Evocations


You had 4 spell levels left.
You knew the following spells:

 Your Spells              Type           Power      Damage    Failure   Level
a - Olgreb's Toxic Radia  Pois           51%        N/A       1%          4
b - Borgnjor's Vile Clut  Necr/Erth      25%        N/A       5%          5
c - Anguish               Hex/Necr       21%        N/A       5%          4
d - Animate Dead          Necr           52%        N/A       1%          4
e - Vampiric Draining     Necr           52%        2d9       1%          3
f - Mephitic Cloud        Conj/Pois/Air  37%        N/A       2%          3

Your spell library contained the following spells:

 Spells                   Type           Power      Damage    Failure   Level
 Magic Dart               Conj           100%       1d8       1%          1
 Necrotize                Necr           100%       1d9       1%          1
 Slow                     Hex            100%       N/A       1%          1
 Sublimation of Blood     Necr           52%        N/A       1%          2
 Dispel Undead            Necr           52%        3d19      1%          4
 Scorch                   Fire           54%        2d8       3%          2
 Gell's Gravitas          Tloc           33%        N/A       3%          3
 Lesser Beckoning         Tloc           33%        N/A       3%          3
 Teleport Other           Tloc           33%        N/A       3%          3
 Dazzling Flash           Conj/Hex       62%        N/A       4%          3
 Portal Projectile        Hex/Tloc       64%        N/A       4%          3
 Corpse Rot               Necr/Pois/Air  44%        N/A       4%          4
 Conjure Flame            Conj/Fire      30%        6-21      5%          3
 Tukima's Dance           Hex            30%        N/A       5%          3
 Ignite Poison            Fire/Tmut/Pois 28%        N/A       7%          3
 Spider Form              Tmut/Pois      28%        N/A       7%          3
 Ensorcelled Hibernation  Hex/Ice        34%        N/A       11%         2
 Iskenderun's Mystic Bla  Conj/Tloc      33%        2d8       14%         4
 Sticky Flame             Conj/Fire      30%        2d5       19%         4
 Summon Guardian Golem    Hex/Summ       17%        N/A       21%         3
 Freeze                   Ice            16%        1d4       26%         1
 Call Imp                 Summ           4%         N/A       36%         2
 Hailstorm                Conj/Ice       18%        3d6       52%         4
 Ice Form                 Ice/Tmut       4%         N/A       95%         4
 Agony                    Necr           52%        N/A       4%          5
 Death Channel            Necr           26%        N/A       26%         6
 Iskenderun's Battlesphe  Conj           32%        2d8       38%         5
 Fireball                 Conj/Fire      15%        3d8       45%         5
 Silence                  Hex/Air        14%        N/A       52%         5
 Iron Shot                Conj/Erth      20%        9d5       65%         6
 Starburst                Conj/Fire      15%        6d6       96%         6
 Simulacrum               Ice/Necr       14%        N/A       97%         6
 Blade Hands              Tmut           2%         N/A       100%        5
 Monstrous Menagerie      Summ           2%         N/A       100%        7
 Spellforged Servitor     Conj/Summ      9%         N/A       100%        7
 Chain Lightning          Conj/Air       14%        3d19      100%        9
 Fire Storm               Conj/Fire      15%        8d4       100%        9
 Shatter                  Erth           25%        3d21*     100%        9


Dungeon Overview and Level Annotations

Branches:
Dungeon (15/15)            Temple (1/1) D:4            Lair (6/6) D:9
  Swamp (4/4) Lair:4        Snake (3/4) Lair:2          Orc (2/2) D:11
    Elf (2/3) Orc:2        Vaults (4/5) D:13          Crypt (0/3) Vaults:3
 Depths (1/4) D:15        Ossuary (visited)
  Slime: Lair:5-6

Altars:
Ashenzari
Cheibriados
Dithmenos
Elyvilon
Fedhas
Gozag
Hepliaklqana
Kikubaaqudgha
Makhleb
Nemelex Xobeh
Okawaru
Qazlal
Ru
Sif Muna
Trog
Uskayaw
Vehumet
Wu Jian
Xom
Yredelemnul
Zin
The Shining One
Beogh

Shops:
Orc:1 *   Orc:2 [=(*   Elf:2 ==:!   Snake:1 [(:[   Vaults:1 !   Vaults:4 =

Portals:
Trove: D:15 (give horn of Geryon)

Annotations:
D:4 2 runed translucent doors, samgaumpmail's ghost, amateur DrTm
D:5 1 runed translucent door, Crazy Yiuf
Lair:3 exclusion: 2 oklob plants
Lair:5 exclusion: 2 oklob plants
Lair:6 3 runed translucent doors, exclusion: oklob plant, FlameOut's ghost, journeyman DjVM
Swamp:3 2 transporters
Swamp:4 exclusion: 2 oklob plants
Snake:3 Mara
Orc:2 3 runed translucent doors, chopper's ghost, adept MiFi
Elf:2 3 runed translucent doors


Innate Abilities, Weirdness & Mutations

You are mostly covered in rugged brown scales. (AC +2, +5% HP)
Your demonic aura often causes spilled blood to erupt in flames.
You regenerate a lot of health from kills.
You have a sharp stinger which inflicts weakening toxins.


Message History

The blast of flame hits you! You resist.
There is a staircase back to the Dungeon, spattered with blood here.
Activating: Torment (0% risk of failure)
Press: ? - help, Dir - look around, f - activate Kikubaaqudgha torments the living!
Kikubaaqudgha partially shields you from torment!
Your body is wracked with pain!
The deep troll convulses!
The stone giant convulses!
The ettin convulses!
The deep troll convulses!
The fire dragon convulses!
The deep troll earth mage convulses!
The stone giant convulses!
The stone giant hits you!! The deep troll barely misses you.
The deep troll claws you but does no damage.
The deep troll completely misses you.
A deep troll comes into view.
Casting: Borgnjor's Vile Clutch (mildly dangerous; 5% risk of failure)
Confirm with . or Enter, or press ? or * to list all spells.
You begin to radiate toxic energy.
The deep troll earth mage is poisoned.
The ettin is poisoned.
The stone giant is poisoned. x2
The deep troll is poisoned. x3; The ettin looks even sicker.
The stone giant looks even sicker.
The deep troll looks even sicker. x3
You block the stone giant's attack.
A frost giant comes into view.
It is wielding a +2 battleaxe of freezing.
The deep troll barely misses you. The deep troll claws you!
* * * LOW HITPOINT WARNING * * *
You block the deep troll's attack.
The stone giant looks even sicker.
The frost giant is poisoned.
The deep troll looks even sicker. x3
A fire giant comes into view.
It is wielding a +2 great sword of flaming.
The deep troll is engulfed in blazing flames.
The deep troll closely misses you. You block the deep troll's attack.
The deep troll claws you but does no damage.
The stone giant hits you!
* * * LOW HITPOINT WARNING * * *
The ettin hits you with a +0 dire flail!!
* * * LOW HITPOINT WARNING * * *
The ettin hits you but does no damage. The deep troll bites you.
* * * LOW HITPOINT WARNING * * *
The deep troll claws you!
You die...
Kikubaaqudgha rasps: "You have failed me!
Welcome... death!"

##.......#*,,,*,,,,,
#........#,,,,,,*,*,
##........#C***,*,,,*
#........C'.*,*,,,,,,
#.........#,*,*,*,,,*
*#......C.#,,,,,,*,*,
#...TD...#,,,,,,,,,,
##CTT....#,*,*,,,,,,
#.○@C.##.'.#,**,,,,,
#..§..##.#.#,,,,,,,,
#.###[#..#..D,,,,,,,
##.......#*#.#,,,*,,
##......#,*#W.,*,*,
#.......+,,,.C.*,*,
#.......#,,**.!*,*,
###.....#,*,**,,*,,
#.#...#**+****+**


You could see a frost giant (poisoned), a fire giant, a fire dragon, 2 stone
giants, an ettin (very poisoned), 2 deep trolls and a deep troll earth mage
(poisoned).

Vanquished Creatures
  Saint Roka (Snake:2)
  2 liches
  A sphinx (Vaults:2)
  Frances (D:12)
  Kirke (Swamp:1)
  Agnes (D:14)
  A thorn hunter (Swamp:3)
  A tengu reaver (Vaults:2)
  2 fenstrider witches (Swamp:4)
  A nagaraja (Snake:2)
  A deep elf sorcerer (Elf:2)
  A fire giant (D:15)
  12 vault wardens
  3 orc warlords
  Aizul (Snake:2)
  A war gargoyle (Vaults:2)
  6 very ugly things
  16 ironbound preservers
  7 eleionomae
  4 vampire knights
  A deep elf demonologist (Elf:2)
  8 ironbound thunderhulks
  6 bunyips
  5 dire elephants
  2 entropy weavers (Vaults:2)
  2 very ugly thing zombies (Vaults:2)
  An eidolon (Vaults:3)
  An ettin (D:13)
  3 shambling mangroves (Swamp:4)
  4 great orbs of eyes
  A jiangshi (Vaults:3)
  Josephine (Lair:6)
  8 yaktaur captains
  2 ice dragons
  6 boulder beetles
  7 vault guards
  A spriggan air mage (Swamp:3)
  14 hydras
  6 anacondas
  Erica (D:9)
  An ogre mage (D:15)
  11 centaur warriors
  A catoblepas (Lair:6)
  2 ironbound frosthearts (Vaults:2)
  7 alligators
  A naga warrior (Snake:1)
  9 two-headed ogres
  An orc high priest (Orc:2)
  A deep troll shaman (D:15)
  8 dancing weapons
  3 tengu warriors
  6 deep elf knights
  A shock serpent (shapeshifter) (D:14)
  A naga sharpshooter (Snake:2)
  5 shock serpents
  7 skeletal warriors (D:13)
  4 flayed ghosts
  Lodul (D:13)
  5 goliath frogs
  3 glowing orange brains
  2 cherubim (D:14)
  34 deep trolls
  4 swamp dragons
  9 deep elf archers
  13 spriggan druids
  7 wizards
  6 spriggan riders
  7 ironbound convokers
  6 lindwurms
  3 spectral hydras (Swamp:4)
  12 harpies
  7 orc knights
  4 naga ritualists
  A phantasmal warrior (Swamp:4)
  22 deep elf pyromancers
  14 deep elf zephyrmancers
  10 mana vipers
  8 human zombies
  4 orc sorcerers
  5 necromancers
  33 ugly things
  3 cyclopes
  A will-o-the-wisp (Swamp:2)
  An elephant (shapeshifter) (Vaults:3)
  A manticore (D:15)
  4 salamanders
  A shock serpent zombie (Snake:1)
  A fire giant skeleton (Vaults:1)
  A guardian serpent (Snake:1)
  Joseph (D:7)
  21 elephants
  4 torpor snails (Lair:6)
  5 naga magi
  14 vault sentinels
  39 black mambas
  2 gargoyles
  An unseen horror (D:10)
  15 cane toads
  3 rime drakes
  Psyche (D:11)
  9 komodo dragons
  4 unseen horror zombies (D:9)
  19 yaktaurs
  A freezing wraith (Swamp:4)
  4 tengu conjurers
  2 ice devils (Lair:4)
  2 hydra zombies
  18 tyrant leeches
  A death drake zombie (Swamp:4)
  A meliai (shapeshifter) (D:15)
  A mana viper zombie (Snake:2)
  A meliai (Lair:5)
  12 polar bears
  5 trolls
  2 human simulacra
  4 unseen horror skeletons (D:9)
  21 slime creatures
  17 hornets
  7 dream sheep (Lair:4)
  30 blink frogs
  An ettin zombie (Vaults:4)
  4 raiju (Lair:6)
  4 black mamba zombies (Snake:1)
  A jumping spider (D:14)
  4 flying skulls (D:9)
  An air elemental (Elf:2)
  4 shadows
  8 spriggans
  An ettin skeleton (Vaults:2)
  3 vampires
  A water elemental (Elf:1)
  14 wraiths
  2 tyrant leech zombies
  57 yaks
  7 basilisks
  A wyvern (D:8)
  2 redbacks (Vaults:2)
  10 vampire mosquitoes
  4 steam dragons
  18 fire elementals
  Menkaure (D:4)
  A yaktaur simulacrum (Vaults:1)
  2 acid dragons
  13 swamp worms
  11 hell hounds (Lair:6)
  15 wargs
  10 nagas
  A hydra simulacrum (Swamp:4)
  14 water moccasins
  Duvessa (D:4)
  14 black bears
  3 hornet zombies
  2 sky beasts
  35 orc warriors
  2 swamp dragon zombies
  26 wolves
  3 swamp drakes
  2 ice beasts (D:7)
  18 ogres
  18 centaurs
  A human skeleton (Vaults:4)
  A phantom (D:6)
  2 yaktaur zombies
  2 kobold brigands (D:8)
  Blork the orc (Orc:2)
  6 bullfrogs
  2 salamander zombies (Snake:2)
  A necrophage (D:7)
  A wyvern zombie (D:9)
  4 scorpions
  2 gnoll sergeants
  8 wights
  A wyvern skeleton (D:9)
  Dowan (D:4)
  6 killer bees (D:8)
  8 howler monkeys
  5 electric eels
  4 centaur zombies (D:9)
  3 jellies
  6 hounds
  21 orc priests
  A gnoll shaman (D:6)
  2 iguanas (D:6)
  20 orc wizards
  A naga zombie (Snake:2)
  A hound skeleton (D:7)
  8 mummies (Ossuary)
  A howler monkey zombie (D:9)
  15 gnolls
  7 adders
  2 howler monkey skeletons (D:9)
  A shadow imp (D:7)
  3 white imps
  An ufetubus (D:4)
  3 worms
  3 dart slugs
  91 orcs
  4 endoplasms
  4 giant cockroaches
  4 gnoll zombies (Ossuary)
  10 goblins
  6 hobgoblins
  3 quokkas
  6 ball pythons
  4 bats
  A frilled lizard (D:2)
  A goblin zombie (D:7)
  A hobgoblin zombie (Ossuary)
  18 kobolds
  4 orc zombies
  7 rats
  A rat zombie (D:7)
  A pillar of salt (Vaults:4)
1373 creatures vanquished.

Vanquished Creatures (collateral kills)
  A thorn hunter (Swamp:4)
  A vault warden (Vaults:1)
  Louise (Swamp:1)
  2 ironbound preservers
  An orc warlord (Orc:2)
  3 very ugly things (Vaults:2)
  2 ironbound thunderhulks
  A hydra skeleton (Swamp:4)
  An entropy weaver (Vaults:2)
  2 bunyips (Swamp:4)
  2 eleionomae
  A dire elephant (Vaults:2)
  A crystal guardian (Vaults:2)
  2 great orbs of eyes (Vaults:2)
  2 shambling mangroves
  5 vault guards
  6 hydras
  An ironbound frostheart (Vaults:4)
  A peacekeeper (Vaults:2)
  A naga sharpshooter (Snake:1)
  Nergalle (D:12)
  A bog body (Swamp:2)
  A naga ritualist (Snake:1)
  3 ironbound convokers
  A spectral hydra (Swamp:4)
  3 goliath frogs
  5 swamp dragons (Swamp:4)
  A lindwurm (Lair:6)
  8 deep trolls
  A harpy (Vaults:2)
  A mana viper (Snake:1)
  A salamander (Snake:1)
  4 will-o-the-wisps
  2 black mambas (Snake:1)
  2 vault sentinels (Vaults:2)
  A naga mage (Snake:1)
  A torpor snail (Lair:6)
  2 yaktaurs (Vaults:2)
  4 tyrant leeches
  2 death drake zombies (Swamp:4)
  A tarantella (Vaults:2)
  8 hornets
  A slime creature (Vaults:2)
  2 spriggans
  A wraith (D:12)
  5 hogs (Swamp:1)
  3 redbacks (Vaults:2)
  2 vampire mosquitoes (Swamp:3)
  A naga (Snake:1)
  A warg (Orc:2)
  4 swamp worms
  A hydra simulacrum (Swamp:4)
  An orc warrior (Snake:2)
  A swamp drake (Swamp:4)
  A swamp dragon skeleton (Swamp:4)
  An orc priest (Orc:2)
  An orc wizard (D:12)
  3 orcs
120 creatures vanquished.

Vanquished Creatures (others)
  A vault warden (Vaults:2)
  2 ironbound preservers (Vaults:2)
  An eleionoma (Swamp:4)
  4 bunyips
  3 very ugly thing zombies (Vaults:2)
  A vault guard (D:13)
  2 hydras
  3 alligators
  2 spriggans
  An anaconda zombie (Snake:1)
  7 goliath frogs
  5 bunyip zombies
  3 swamp dragons
  3 entropy weaver zombies (Vaults:2)
  A spriggan rider (Swamp:3)
  A deep elf zephyrmancer (Elf:1)
  An ironbound convoker (Vaults:2)
  An ugly thing zombie (Vaults:2)
  2 orc knights (Vaults:1)
  2 goliath frog zombies
  A spriggan druid (Swamp:4)
  A dire elephant zombie (Vaults:2)
  2 shock serpent zombies
  2 vault sentinels (Vaults:2)
  A naga mage (Vaults:2)
  7 yaktaur zombies
  An unseen horror (D:13)
  A redback zombie (Vaults:2)
  5 hydra zombies (Swamp:4)
  2 bloated husks
  3 harpy zombies
  8 tyrant leeches
  2 hornets
  2 great orb of eyes zombies
  2 alligator zombies
  5 black mamba zombies
  4 spriggan zombies
  2 tyrant leech zombies (Swamp:4)
  3 dancing weapons (Snake:2)
  A fire elemental (D:15)
  A human (Swamp:1)
  10 deep troll zombies
  3 swamp drakes (Swamp:1)
  2 hornet zombies
  4 swamp dragon zombies
  20 human zombies
  A boggart (Vaults:2)
  A lindwurm zombie (Vaults:1)
  2 hog zombies (Swamp:1)
  A vampire mosquito zombie (Swamp:3)
  A salamander zombie (Snake:2)
  2 naga zombies (Vaults:2)
  A tengu zombie (Vaults:2)
  2 swamp drake zombies (Swamp:1)
  An orc (D:12)
  3 orc zombies
  32 foxfires
  45 fungi
  121 plants
354 creatures vanquished.

Grand Total: 1847 creatures vanquished

Notes
Turn   | Place    | Note
-------+----------+-------------------------------------------
     0 | D:1      | dolemite99 the Demonspawn Cinder Acolyte began the quest
                  | for the Orb.
     0 | D:1      | Reached XP level 1. HP: 18/18 MP: 2/2
   956 | D:1      | Gained mutation: You regenerate a little health from kills.
                  | [demonic ancestry]
   956 | D:1      | Reached XP level 2. HP: 24/24 MP: 3/3
  1198 | D:1      | You fall into a shaft and drop 1 floor!
  1885 | D:2      | Gained mutation: You are partially covered in rugged brown
                  | scales. (AC +1, +3% HP) [demonic ancestry]
  1885 | D:2      | Reached XP level 3. HP: 14/29 MP: 4/4
  2229 | D:2      | Found a faded altar of an unknown god.
  2521 | D:2      | Learned a level 2 spell: Scorch
  3650 | D:3      | Reached XP level 4. HP: 36/36 MP: 0/5
  5617 | D:3      | Found a stormy altar of Qazlal.
  5927 | D:3      | Found a bloodstained altar of Trog.
  6359 | D:3      | Found a shimmering blue altar of Sif Muna.
  6560 | D:4      | Noticed Menkaure
  6565 | D:4      | HP: 1/36 [Menkaure (14)]
  6566 | D:4      | Killed Menkaure
  6567 | D:4      | Reached skill level 5 in Fire Magic
  6567 | D:4      | Reached XP level 5. HP: 2/42 MP: 1/9
  6968 | D:4      | Noticed Dowan
  6968 | D:4      | Noticed Duvessa
  7423 | D:4      | Found a large runed translucent door.
  7428 | D:4      | Found a large runed translucent door.
  7432 | D:4      | Noticed samgaumpmail's ghost (amateur DrTm)
  7441 | D:4      | Found a staircase to the Ecumenical Temple.
  7450 | Temple   | Entered the Ecumenical Temple
  7521 | D:4      | Reached XP level 6. HP: 45/48 MP: 1/10
  7919 | D:4      | Killed Duvessa
  7936 | D:4      | Killed Dowan
  9368 | D:4      | Identified the +5 war axe of Righteous Anger {drain, *Rage
                  | rC+ Dex+7 Stlth+}
  9513 | D:5      | Entered Level 5 of the Dungeon
  9764 | D:5      | Reached XP level 7. HP: 53/53 MP: 12/12
  9910 | D:5      | Reached skill level 5 in Polearms
 10069 | D:5      | Found a runed translucent door.
 10070 | D:5      | Noticed Crazy Yiuf
 10433 | D:6      | Found a snail-covered altar of Cheibriados.
 10548 | D:6      | Gained mutation: You have a small tail. [demonic ancestry]
 10548 | D:6      | Reached XP level 8. HP: 55/59 MP: 6/13
 11167 | D:6      | Found a sparkling altar of Nemelex Xobeh.
 11442 | D:6      | Identified the +6 hunting sling "Rounan" {flame, Int+2
                  | SInv}
 12536 | D:7      | Found a sand-covered staircase.
 12553 | Ossuary  | Entered an ossuary
 12825 | D:7      | Found a basalt altar of Yredelemnul.
 12998 | D:7      | Gained mutation: You have a tail ending in a sharp stinger.
                  | [demonic ancestry]
 12998 | D:7      | Reached XP level 9. HP: 48/64 MP: 11/14
 13676 | D:7      | Noticed Joseph
 13688 | D:7      | Reached skill level 10 in Polearms
 13696 | D:7      | Killed Joseph
 14064 | D:7      | Found a burning altar of Makhleb.
 14304 | D:8      | Gained mutation: Your demonic aura sometimes causes spilled
                  | blood to erupt in flames. [demonic ancestry]
 14304 | D:8      | Reached XP level 10. HP: 72/72 MP: 3/15
 14821 | D:8      | Found a shadowy altar of Dithmenos.
 15198 | D:9      | Reached skill level 1 in Dodging
 15905 | D:9      | Identified the +0 leather armour of the Endless Ears {Fly
                  | rPois rN+ Will-}
 16582 | D:9      | Reached skill level 5 in Dodging
 16663 | D:9      | Noticed Erica
 16677 | D:9      | Killed Erica
 16678 | D:9      | Reached XP level 11. HP: 77/77 MP: 16/16
 16921 | D:9      | Reached skill level 5 in Fighting
 17035 | D:9      | Noticed a two-headed ogre
 17051 | D:9      | Killed a two-headed ogre
 17200 | D:9      | Found a staircase to the Lair.
 17376 | D:9      | Noticed a necromancer
 17390 | D:9      | Killed a necromancer
 17486 | D:9      | Noticed a necromancer
 17500 | D:9      | Killed a necromancer
 17916 | D:9      | Reached skill level 1 in Armour
 18245 | D:9      | Learned a level 3 spell: Portal Projectile
 18249 | D:9      | Learned a level 3 spell: Tukima's Dance
 18277 | D:10     | Entered Level 10 of the Dungeon
 18277 | D:10     | Noticed a two-headed ogre
 18287 | D:10     | Killed a two-headed ogre
 18439 | D:10     | Found an iron altar of Okawaru.
 18729 | D:10     | Gained mutation: You regenerate health from kills. [demonic
                  | ancestry]
 18729 | D:10     | Reached XP level 12. HP: 97/97 MP: 17/17
 19426 | D:11     | Noticed a two-headed ogre
 19454 | D:11     | Reached skill level 5 in Slings
 19464 | D:11     | Killed a two-headed ogre
 19572 | D:11     | Found a staircase to the Orcish Mines.
 19576 | D:11     | Noticed Psyche
 19593 | D:11     | Killed Psyche
 19829 | D:11     | Found a snail-covered altar of Cheibriados.
 20575 | D:12     | Noticed a two-headed ogre
 20583 | D:12     | Killed a two-headed ogre
 20585 | D:12     | Noticed Nergalle
 20606 | D:12     | Killed Nergalle
 20617 | D:12     | Reached skill level 10 in Fighting
 21052 | Lair:1   | Entered Level 1 of the Lair of Beasts
 21069 | Lair:1   | Reached skill level 1 in Evocations
 22853 | Lair:1   | Reached skill level 5 in Evocations
 23141 | Lair:2   | Found a staircase to the Snake Pit.
 23322 | Lair:2   | Reached skill level 1 in Hexes
 24439 | Lair:3   | Reached XP level 13. HP: 86/106 MP: 3/18
 25138 | Lair:3   | Found a blossoming altar of Fedhas.
 26084 | Lair:4   | Reached skill level 1 in Translocations
 26689 | Lair:4   | Found a blossoming altar of Fedhas.
 27312 | Lair:4   | Reached skill level 5 in Translocations
 27411 | Lair:4   | Found a sacrificial altar of Ru.
 27704 | Lair:4   | Identified the +1 leather armour "Teulad" {rN++ Will-
                  | Regen+ Dex+9}
 28045 | Lair:4   | Found a staircase to the Swamp.
 28289 | Lair:5   | Identified the +12 war axe of the Goat {freeze, rCorr
                  | Str+6}
 28575 | Lair:5   | Noticed Sonja
 28580 | Lair:5   | Noticed Sonja
 28580 | Lair:5   | Sonja changed into Sonja the meliai
 28590 | Lair:5   | Killed Sonja the meliai
 28719 | Lair:5   | Learned a level 3 spell: Mephitic Cloud
 28723 | Lair:5   | Learned a level 3 spell: Dazzling Flash
 29283 | Lair:5   | Reached skill level 5 in Hexes
 30073 | Lair:6   | Entered Level 6 of the Lair of Beasts
 30327 | Lair:6   | Reached XP level 14. HP: 100/114 MP: 19/19
 30457 | Lair:6   | Noticed Josephine
 30462 | Lair:6   | Killed Josephine
 31140 | Lair:6   | Found a runed translucent gate.
 31140 | Lair:6   | Found a runed translucent gate.
 31140 | Lair:6   | Found a runed translucent gate.
 31322 | Lair:6   | Reached skill level 1 in Conjurations
 31455 | Lair:6   | Noticed FlameOut's ghost (journeyman DjVM)
 31763 | Lair:6   | Found a runed translucent door.
 32328 | Lair:6   | Paralysed by a hornet for 3 turns
 33219 | Lair:6   | Reached skill level 5 in Conjurations
 33794 | Orc:1    | Entered Level 1 of the Orcish Mines
 33937 | Orc:1    | Gained mutation: Your demonic aura often causes spilled
                  | blood to erupt in flames. [demonic ancestry]
 33937 | Orc:1    | Reached XP level 15. HP: 123/123 MP: 20/20
 33976 | Orc:1    | Found Riddoi's Assorted Antiques.
 34223 | Orc:1    | Bought a pair of smoking boots for 256 gold pieces
 34223 | Orc:1    | Identified the -1 pair of boots "Eddacar" {Harm *Slow rC++
                  | SInv} (You bought it in a shop on level 1 of the Orcish
                  | Mines)
 34228 | Orc:1    | Bought a scroll of summoning for 256 gold pieces
 34228 | Orc:1    | Bought a dented blue amulet for 135 gold pieces
 34361 | Orc:2    | Entered Level 2 of the Orcish Mines
 34615 | Orc:2    | Found a staircase to the Elven Halls.
 34855 | Orc:2    | Reached skill level 1 in Shields
 34908 | Orc:2    | Noticed Blork the orc
 34928 | Orc:2    | Killed Blork the orc
 35166 | Orc:2    | Noticed an orc warlord
 35186 | Orc:2    | Killed an orc warlord
 35928 | Orc:2    | Found Xaschopna's General Store.
 35947 | Orc:2    | Found Pomumopp's Antique Weapon Shop.
 36003 | Orc:2    | Found Qustas's Jewellery Shop.
 36030 | Orc:2    | Bought the ring of Jamucwe {rF+ Will+ Dex+3 SInv} for 693
                  | gold pieces
 36196 | Orc:2    | Noticed an orc warlord
 36219 | Orc:2    | Killed an orc warlord
 36361 | Orc:2    | Found a runed translucent gate.
 36361 | Orc:2    | Found a runed translucent gate.
 36361 | Orc:2    | Found a runed translucent gate.
 36361 | Orc:2    | Noticed chopper's ghost (adept MiFi)
 36495 | Orc:2    | Found Keneuf's Antique Armour Shop.
 36501 | Orc:2    | Bought a pair of masterwork boots for 256 gold pieces
 36501 | Orc:2    | Identified the +0 pair of boots "Civyxihuf" {Contam rPois
                  | rCorr Dex+5} (You bought it in a shop on level 2 of the
                  | Orcish Mines)
 36515 | Orc:2    | Bought a glowing scarf for 216 gold pieces
 36527 | Orc:2    | Bought a fading leather armour for 189 gold pieces
 36527 | Orc:2    | Identified the +5 leather armour of New Discoveries {-Tele
                  | Regen+ Dex-4 Stlth+} (You bought it in a shop on level 2 of
                  | the Orcish Mines)
 36885 | Orc:2    | Bought a ring of see invisible for 210 gold pieces
 36903 | Orc:2    | Bought a scroll of enchant armour for 127 gold pieces
 36906 | Orc:2    | Bought a potion of curing for 51 gold pieces
 37171 | Temple   | Fell from the grace of Ignis
 37171 | Temple   | Became a worshipper of Kikubaaqudgha
 37372 | D:12     | Noticed Frances
 37382 | D:12     | Killed Frances
 37499 | D:12     | You fall into a shaft and drop 3 floors!
 37499 | D:15     | Entered Level 15 of the Dungeon
 37719 | D:14     | Noticed Nessos
 37722 | D:14     | Noticed Nessos
 37722 | D:14     | Nessos changed into Nessos the jumping spider
 37745 | D:14     | Killed Nessos the jumping spider
 38435 | D:12     | Reached * piety under Kikubaaqudgha
 38435 | D:12     | Received a gift from Kikubaaqudgha
 38464 | D:11     | Learned a level 3 spell: Conjure Flame
 38722 | D:13     | Reached skill level 1 in Air Magic
 39209 | D:13     | Noticed Lodul
 39219 | D:13     | Killed Lodul
 39273 | D:13     | Found a gate to the Vaults.
 39331 | D:13     | Reached ** piety under Kikubaaqudgha
 39731 | D:13     | Reached skill level 5 in Air Magic
 40156 | D:13     | Reached skill level 1 in Poison Magic
 40669 | D:13     | HP: 1/187 [skeletal warrior/+0 short sword (9)]
 41571 | D:13     | Learned a level 4 spell: Sticky Flame
 41693 | Orc:2    | Bought a wand of flame (8) for 85 gold pieces
 41699 | Orc:2    | Learned a level 4 spell: Animate Dead
 41948 | D:14     | Reached skill level 1 in Necromancy
 42272 | D:14     | Noticed Agnes
 43339 | D:14     | Killed Agnes
 43885 | D:14     | Reached XP level 16. HP: 100/132 MP: 22/22
 45016 | D:15     | Reached skill level 10 in Dodging
 45029 | D:15     | Reached skill level 5 in Necromancy
 45260 | D:15     | Found a staircase to the Depths.
 45437 | D:15     | Was forgiven by Ignis
 46431 | D:15     | Reached *** piety under Kikubaaqudgha
 46431 | D:15     | Received a gift from Kikubaaqudgha
 46829 | D:15     | Found a portal to a secret trove of treasure.
 47073 | Orc:1    | Learned a level 3 spell: Vampiric Draining
 47238 | Snake:1  | Entered Level 1 of the Snake Pit
 47524 | Snake:1  | Found Wuskejac's Book Boutique.
 47527 | Snake:1  | Found Mosoz's Antique Armour Boutique.
 47527 | Snake:1  | Found Nekhoan's Armour Shop.
 47537 | Snake:1  | Found Lutaruil's Antique Weapon Shop.
 47626 | Snake:1  | Identified the +3 morningstar of Corruption {pain, rElec
                  | rPois Str+3}
 47738 | Snake:1  | Bought a faintly glowing ring mail for 315 gold pieces
 47738 | Snake:1  | Identified the +1 ring mail of the Orcish Mines {+Blink rF+
                  | Int+2} (You bought it in a shop on level 1 of the Snake
                  | Pit)
 48225 | Snake:1  | Reached skill level 10 in Necromancy
 48226 | Snake:1  | Reached **** piety under Kikubaaqudgha
 48542 | Snake:1  | Got the Compendium of Bread
 48945 | Snake:2  | Reached skill level 1 in Throwing
 49204 | Snake:2  | Noticed Saint Roka
 49264 | Snake:2  | Noticed Aizul
 49900 | Snake:2  | Killed Saint Roka
 49901 | Snake:2  | Gained mutation: You are mostly covered in rugged brown
                  | scales. (AC +2, +5% HP) [demonic ancestry]
 49901 | Snake:2  | Reached XP level 17. HP: 141/141 MP: 23/23
 51116 | Snake:2  | Identified the +3 dagger of Invincibility {holy, rF+ Str+5}
 51739 | Snake:3  | Noticed Mara
 51921 | Swamp:1  | Entered Level 1 of the Swamp
 51923 | Swamp:1  | Noticed Kirke
 51961 | Swamp:1  | Killed Kirke
 52467 | Swamp:1  | Noticed Louise
 52483 | Swamp:1  | Killed Louise
 53346 | Swamp:2  | Got Sif Muna's Collected Works on the Destructive
                  | Snowflakes
 53999 | Swamp:2  | Reached skill level 5 in Armour
 54791 | Swamp:3  | Found a transporter.
 54836 | Swamp:3  | Found a transporter.
 54972 | Swamp:3  | Learned a level 5 spell: Borgnjor's Vile Clutch
 55292 | Swamp:3  | Reached skill level 1 in Earth Magic
 55699 | Swamp:4  | Entered Level 4 of the Swamp
 56265 | Swamp:4  | Reached skill level 5 in Earth Magic
 56538 | Swamp:4  | Gained mutation: You have a sharp stinger which inflicts
                  | weakening toxins. [demonic ancestry]
 56538 | Swamp:4  | Reached XP level 18. HP: 147/150 MP: 14/24
 58325 | Swamp:4  | Found a blossoming altar of Fedhas.
 58336 | Swamp:4  | Found a basalt altar of Yredelemnul.
 58348 | Swamp:4  | Got a decaying rune of Zot
 58849 | Vaults:1 | Entered Level 1 of the Vaults
 59048 | Snake:1  | Bought Sif Muna's Disquisition on Fetching Intoxication for
                  | 476 gold pieces
 59055 | Snake:1  | Learned a level 4 spell: Olgreb's Toxic Radiance
 61146 | Vaults:1 | Reached skill level 5 in Poison Magic
 62438 | Vaults:1 | Learned a level 4 spell: Anguish
 62459 | Vaults:1 | Found Wyluemaq's Distillery.
 62489 | Vaults:1 | Bought a potion of curing for 39 gold pieces
 62489 | Vaults:1 | Bought a potion of invisibility for 104 gold pieces
 62489 | Vaults:1 | Bought a potion of cancellation for 104 gold pieces
 62489 | Vaults:1 | Bought a potion of magic for 104 gold pieces
 64343 | Vaults:2 | Noticed a lich
 64362 | Vaults:2 | Killed a lich
 64981 | Vaults:2 | Reached skill level 10 in Poison Magic
 64991 | Vaults:2 | Reached skill level 10 in Earth Magic
 65188 | Vaults:2 | Gained mutation: You regenerate a lot of health from kills.
                  | [demonic ancestry]
 65188 | Vaults:2 | Reached XP level 19. HP: 147/156 MP: 13/25
 65798 | Vaults:2 | Found a radiant altar of Vehumet.
 65806 | Vaults:2 | Identified the +1 hat of the Beloved God {rF+ MP+9}
 69597 | Vaults:3 | Found a staircase to the Crypt.
 70959 | Vaults:4 | Reached ***** piety under Kikubaaqudgha
 72774 | Vaults:4 | Reached XP level 20. HP: 143/168 MP: 24/26
 73227 | Vaults:4 | Found Ygiqipl Ceem's Jewellery Shop.
 73653 | Snake:2  | Killed Aizul
 74276 | Snake:3  | Noticed dolemite99's illusion
 74762 | Elf:1    | Entered Level 1 of the Elven Halls
 75173 | Elf:1    | Reached skill level 5 in Throwing
 76813 | Elf:2    | Found Rabbi's Distillery.
 77569 | Elf:2    | Found a runed translucent gate.
 77569 | Elf:2    | Found a runed translucent gate.
 77573 | Elf:2    | Found a runed translucent gate.
 77813 | Elf:2    | Reached ****** piety under Kikubaaqudgha
 77838 | Elf:2    | Found Kiejept's Jewellery Shoppe.
 77840 | Elf:2    | Found Ficiqauc's Book Shop.
 77840 | Elf:2    | Paralysed by an air elemental for 1 turns
 77841 | Elf:2    | Found Fuimpohy's Jewellery Shoppe.
 77845 | Elf:2    | Paralysed by an air elemental for 1 turns
 78638 | Depths:1 | Entered Level 1 of the Depths
 79472 | Depths:1 | Slain by a deep troll

Illustrated notes

Levels and vault maps discovered:
D:1:      lemuel_arrival_rhombus, layout_loops_ring, serial_forest,
          infiniplex_forest_lined_room_3, infiniplex_forest_end_double,
          infiniplex_forest_zigzag_1, infiniplex_forest_corner_1,
          infiniplex_forest_lined_ring
D:2:      layout_loops_ring, hellmonk_ecumenical_altar_pennies_from_heaven,
          serial_bayou_lagoon_b
D:3:      layout_loops_corners, mainiacjoe_overflow_24_doors, bloody_trog,
          led_sif_pool, minmay_door_square, nrook_mini_backslash, minmay_vboxes
D:4:      layout_layer_cave, minmay_temple_entry_proselytizer,
          ebering_ghost_disaster_area, kennysheep_generic_room_12,
          uniq_menkaure, uniq_duvessa
D:5:      layout_cave_pools, uniq_crazy_yiuf_cottage
D:6:      layout_cave_pods, mainiacjoe_overflow_small_starburst,
          nemelex_dance_club_becter
D:7:      minmay_angry_zag, layout_rooms, mainiacjoe_overflow_six_doors_small,
          makhleb_blood_cavern_becter, enter_ossuary_4, uniq_joseph
D:8:      layout_loops_ring, old_standard_altar
D:9:      hangedman_screamer, layout_irregular_city, erik_lair_island,
          serial_bayou_pond_a, grunt_ministairs_4, chequers_decorated_corner,
          uniq_erica
D:10:     layout_cross, okawaru_gym_becter
D:11:     layout_loops_corners, erik_orc_3, kennysheep_slug_shrine, uniq_psyche
D:12:     layout_irregular_city, uniq_frances, uniq_nergalle
D:13:     layout_irregular_city, lightli_vaults_fourway_checkpoint, uniq_lodul
D:14:     layout_basic, chequers_serial_rivers_micro_a, pf_eden, uniq_agnes,
          uniq_nessos
D:15:     grunt_enter_depths_giant_problem, layout_gridville, roderic_lattice_a,
          nicolae_trove_entry_diagonal
Temple:   cyrus_circular_temple
Lair:1:   layout_regular_city, infiniplex_staircase_pool_2
Lair:2:   layout_cellular_growth, dummy_snake_entry
Lair:3:   layout_small_grid, hangedman_tree_tricks, grunt_megastairs_2,
          serial_bayou_shore_b, serial_bayou_shore_b, infiniplex_staircase_pool
Lair:4:   layout_long_grid, minmay_swamp_entry_worms, basic_altar,
          portal_ice_cave_demonic_guard, lemuel_altar_in_water2,
          grunt_forest_stairs_clearing
Lair:5:   layout_loops_ring, minmay_slime_entry_oklob_enclosed,
          small_statue_intersection, serial_bayou_pond_a, lemuel_fruit_tree,
          uniq_sonja
Lair:6:   hangedman_lair_caniforms_friends, layout_loops_ring, wormcave,
          gammafunk_ghost_split, grunt_megastairs_3, uniq_josephine
Swamp:1:  layout_falls_marsh, evilmike_swamp_ruin_house_5, swamp_pool3,
          uniq_louise, uniq_kirke
Swamp:2:  layout_basic_swamp, nicolae_swamp_little_swirl, swamp_pool2,
          nicolae_swamp_stuck_in_the_mud
Swamp:3:  gammafunk_worm_tunnel, layout_basic_swamp,
          nicolae_swamp_decorative_isthmus, swamp_pool2
Swamp:4:  byrel_swamp_growth_death_and_undeath, layout_basic_swamp
Snake:1:  layout_honeycomb, hangedman_venom_bottle, minmay_shoptagon
Snake:2:  layout_chambers, serial_bayou_shore_b, uniq_saint_roka, uniq_aizul
Snake:3:  layout_cave_town, uniq_mara
Orc:1:    layout_diamond_mine, serial_shops, shop, mines5_lemuel
Orc:2:    grunt_orc_cross, layout_caves, gammafunk_ghost_necromancy,
          basic_altar, lemuel_statue_altar
Elf:1:    eino_elf_arrival_sip, layout_loops_ring, minmay_elf_crystal_hexagon
Elf:2:    nicolae_elf_blades_splatter_lattice [nicolae_blade_little_rooms],
          layout_geoelf_octagon, serial_shops, shop, serial_glass,
          glass_columns_c, glass_columns_a, minmay_shop_grove
Vaults:1: nicolae_vaults_network_s, ontoclasm_vaults_tryst,
          hangedman_vaults_corner_blocks, vaults_mumra_chevron_long, v_misc_30,
          v_misc_12, vaults_dpeg_diagonal, nicolae_vaults_border_crossing,
          nicolae_vaults_mini_display_case, layout_vaults_big_room,
          serial_shops, nicolae_shop_crystal
Vaults:2: vaults_standard_mumra_x, v_pattern_2, v_misc_22, vaults_room_boxed,
          nicolae_vaults_little_squares_1, grunt_tower_of_power, v_misc_1,
          nicolae_vaults_diagonal_hallway_8, v_rooms_3, v_misc_8,
          v_alt_pattern_3, layout_vaults_omnigrid
Vaults:3: hangedman_vaults_pinch, hangedman_vaults_corner_blocks,
          minmay_crypt_entry_simple_box, vaults_room_door_ring,
          nicolae_vaults_shelves_hall, hangedman_vaults_slice,
          nicolae_vaults_stairing_the_circle, ontoclasm_vaults_fault,
          ontoclasm_vaults_decontamination, hangedman_vaults_nails,
          vaults_room_door_ring, layout_vaults_omnibox
Vaults:4: portal_desolation_entry_garden, ontoclasm_vaults_eye, v_misc_5,
          vaults_mumra_hexcomb, nicolae_vaults_triangles,
          nicolae_vaults_three_branches, nicolae_vaults_yaktaur_gun_rack,
          ontoclasm_vaults_idyll, ontoclasm_vaults_misaligned,
          nicolae_vaults_rhombus_6, layout_vaults_maze_bifur, serial_shops,
          nicolae_shop_waterfront
Depths:1: minmay_the_grid_square_5x5_4x4_mashed
          [minmay_the_grid_square_5x5_two_small,
          minmay_the_grid_square_5x5_three_walls,
          minmay_the_grid_square_5x5_intrusive_squares,
          minmay_the_grid_square_5x5_v, minmay_the_grid_square_5x5_hourglass,
          minmay_the_grid_square_5x5_prize_open,
          minmay_the_grid_square_5x5_prize_monsterx,
          minmay_the_grid_square_5x5_minibox,
          minmay_the_grid_square_5x5_almost_minimal,
          minmay_the_grid_square_5x5_prize_open,
          minmay_the_grid_square_5x5_prize_open,
          minmay_the_grid_square_5x5_trominoes,
          minmay_the_grid_square_5x5_seven, minmay_the_grid_square_5x5_shrine2,
          minmay_the_grid_square_5x5_sharp_hourglass,
          minmay_the_grid_square_5x5_beaten_path], layout_cave_shapes,
          roderic_cross_of_infinity, hell_entry, eino_tiny_chamber,
          skrybe_limestone_x, nrook_pool_corridor, nicolae_transmutations_shop,
          pdpol_wu_jian_five_deadly_venoms, serial_bayou_shore_a

Skill      XL: |  1  2  3  4  5  6  7  8  9 10 11 12 13 14 15 16 17 18 19 20 |
---------------+-------------------------------------------------------------+-----
Fire Magic     | 3 4 5 |  5.8
Spellcasting   | 2 3 4 |  4.3
Polearms       | 3 6 9 11 13 14 | 14.6
Dodging        | 6 7 8 9 11 12 13 | 13.0
Fighting       | 9 10 11 12 13 14 | 14.6
Armour         | 1 6 |  6.2
Slings         | 3 5 |  5.0
Evocations     | 6 |  6.4
Hexes          | 2 5 6 |  6.5
Translocations | 7 |  7.4
Conjurations   | 5 7 |  7.0
Shields        | 4 |  4.0
Air Magic      | 5 |  5.5
Poison Magic   | 3 10 11 12 | 12.0
Necromancy     | 3 11 12 | 12.3
Throwing       | 2 4 8 |  8.8
Earth Magic    | 7 10 11 | 11.7

Action                   |  1- 3 |  4- 6 |  7- 9 | 10-12 | 13-15 | 16-18 | 19-21 || total
-------------------------+-------+-------+-------+-------+-------+-------+-------++-------
Melee: Spear             |   131 |    33 |       |       |       |       |       ||   164
       Punch             |     2 |       |     2 |     7 |    10 |       |       ||    21
       Trident           |       |    13 |   221 |   435 |  1190 |  1020 |   461 ||  3340
       Tailslap          |       |       |    21 |    51 |   183 |   203 |    96 ||   554
       War axe           |       |       |       |       |     4 |       |       ||     4
       Morningstar       |       |       |       |       |       |     6 |       ||     6
 Fire: Hunting sling     |       |       |     4 |    43 |     1 |       |       ||    48
Throw: Stone             |     7 |     6 |    20 |    60 |    99 |       |       ||   192
       Dart              |       |       |       |       |    91 |       |       ||    91
       Javelin           |       |       |       |       |     3 |       |       ||     3
       Boomerang         |       |       |       |       |   116 |   149 |   111 ||   376
 Cast: Scorch            |     7 |    36 |    30 |    92 |    35 |       |       ||   200
       Dazzling Flash    |       |       |       |       |    41 |     3 |       ||    44
       Mephitic Cloud    |       |       |       |       |     5 |    17 |     1 ||    23
       Animate Dead      |       |       |       |       |       |    60 |    13 ||    73
       Tukima's Dance    |       |       |       |       |       |    13 |       ||    13
       Vampiric Draining |       |       |       |       |       |    11 |     5 ||    16
       Borgnjor's Vile C |       |       |       |       |       |    31 |    89 ||   120
       Anguish           |       |       |       |       |       |    16 |       ||    16
       Olgreb's Toxic Ra |       |       |       |       |       |     7 |    70 ||    77
Invok: Fiery Armour      |     5 |     3 |       |       |     1 |       |       ||     9
       Rising Flame      |       |       |       |       |     1 |       |       ||     1
       Unearth Wretches  |       |       |       |       |       |    24 |     4 ||    28
       Torment           |       |       |       |       |       |       |     1 ||     1
Evoke: Wand              |       |       |     4 |     5 |    47 |    13 |     1 ||    70
       Tin of tremorston |       |       |       |       |     8 |     3 |     5 ||    16
       Lightning rod     |       |       |       |       |    16 |    11 |    13 ||    40
       Box of beasts     |       |       |       |       |       |     4 |     4 ||     8
  Use: Scroll            |       |    15 |     6 |    15 |    19 |    27 |     4 ||    86
       Potion            |       |     3 |     1 |     3 |    16 |     8 |     2 ||    33
 Stab: Distracted        |       |       |     2 |     5 |    13 |    26 |     7 ||    53
       Invisible         |       |       |       |     6 |     7 |       |       ||    13
       Paralysed         |       |       |       |     3 |     3 |    50 |     8 ||    64
       Confused          |       |       |       |       |     3 |     4 |       ||     7
       Sleeping          |       |       |       |       |       |     1 |       ||     1
Armor: Robe              |    32 |     5 |       |       |       |       |       ||    37
       Leather armour    |       |    17 |       |       |       |       |       ||    17
       Ring mail         |       |     4 |    67 |    23 |       |   207 |   111 ||   412
       Skin              |       |       |    40 |       |       |       |       ||    40
       Troll leather arm |       |       |       |   172 |       |       |       ||   172
       Acid dragon scale |       |       |       |    41 |   359 |    39 |       ||   439
Dodge: Dodged            |    75 |    45 |    74 |   296 |   495 |   439 |   264 ||  1688
Block: Other             |       |       |       |       |    43 |       |       ||    43
       Buckler           |       |       |       |       |    68 |   332 |   198 ||   598
       Reflection        |       |       |       |       |     2 |    15 |    30 ||    47

Table legend: (Time is in decaauts)
 A = Elapsed time spent in this place.
 B = Non-inter-level travel time spent in this place.
 C = Inter-level travel time spent in this place.
 D = Time resting spent in this place.
 E = Time spent auto-exploring this place.
 F = Levels seen in this place.
 G = Mean time per level.
                   A        B        C        D        E       F      G
               +--------+--------+--------+--------+--------+-----+--------+
         Total |  78790 |  74077 |   4713 |  36587 |  26022 |  39 | 2020.3 |
       Dungeon |  33929 |  31651 |   2278 |  17168 |  10168 |  15 | 2261.9 |
        Temple |     87 |     52 |     35 |      0 |     42 |   1 |   87.0 |
          Lair |  13003 |  12013 |    990 |   5294 |   4857 |   6 | 2167.2 |
         Swamp |   6801 |   6591 |    210 |   2886 |   2528 |   4 | 1700.2 |
     Snake Pit |   5643 |   5221 |    422 |   2383 |   2002 |   3 | 1881.0 |
  Orcish Mines |   3348 |   2973 |    375 |   1131 |   1009 |   2 | 1674.0 |
   Elven Halls |   3433 |   3302 |    131 |   1633 |   1139 |   2 | 1716.5 |
        Vaults |  12186 |  11918 |    268 |   5972 |   4152 |   4 | 3046.5 |
        Depths |    148 |    148 |      0 |    118 |      7 |   1 |  148.0 |
       Ossuary |    207 |    207 |      0 |      0 |    116 |   1 |  207.0 |
               +--------+--------+--------+--------+--------+-----+--------+

Top non-repeatable levels by time:
    D:13: 4869 daAuts
Vaults:2: 3451 daAuts
 Snake:2: 3264 daAuts
Vaults:1: 3092 daAuts
     D:9: 3041 daAuts
     D:3: 2952 daAuts
  Lair:6: 2950 daAuts
     D:4: 2915 daAuts
Vaults:3: 2842 daAuts
Vaults:4: 2799 daAuts
   Orc:2: 2608 daAuts
    D:14: 2490 daAuts
    D:12: 2483 daAuts
 Swamp:4: 2414 daAuts
    D:15: 2413 daAuts
